| TOP OF THE 1ST |
|
Butte Copper Kings batting - Pitching for Billings Mustangs : LHP Rick Felt
|
|
Pitching: LHP Rick Felt
|
|
|
Batting: RHB Kenny Clark
|
0-0: Ball 1-0: Fly out, F7 (Flyball, 78M, EV 85.0 MPH)
|
|
Batting: RHB Steve Howard
|
0-0: Ball 1-0: Ball 2-0: Called Strike 2-1: Ball 3-1: Fly out, F9 (Line Drive, 9, EV 98.8 MPH)
|
|
Batting: RHB Kevin Sliwinski
|
0-0: SINGLE (Line Drive, 9LS, EV 97.5 MPH)
|
|
Batting: RHB Russ Anglin
|
0-0: Fly out, F4 (Popup, 4MD, EV 49.4 MPH)
|
| Top of the 1st over - 0 runs, 1 hit, 0 errors, 1 left on base; Butte 0 - Billings 0 |
| BOTTOM OF THE 1ST |
|
Billings Mustangs batting - Pitching for Butte Copper Kings : RHP Leo Enriquez
|
|
Pitching: RHP Leo Enriquez
|
|
|
Batting: RHB Howard Meier
|
0-0: Called Strike 0-1: Ball 1-1: Ball 2-1: Ball 3-1: Fly out, F4 (Popup, 4D, EV 61.3 MPH)
|
|
Batting: RHB Leonidas Nolasco
|
0-0: Called Strike 0-1: Ball 1-1: Ground out 6-3 (Groundball, 6, EV 90.6 MPH)
|
|
Batting: RHB Daniel Jones
|
0-0: Called Strike 0-1: Ball 1-1: SINGLE (Groundball, 34S, EV 79.4 MPH) (infield hit)
|
|
Batting: RHB Andy Lawrence
|
0-0: Called Strike 0-1: Ball 1-1: Ball 2-1: Ball 3-1: Fly out, F9 (Line Drive, 9, EV 88.1 MPH)
|
| Bottom of the 1st over - 0 runs, 1 hit, 0 errors, 1 left on base; Butte 0 - Billings 0 |
| TOP OF THE 2ND |
|
Butte Copper Kings batting - Pitching for Billings Mustangs : LHP Rick Felt
|
|
Batting: SHB Pat Bone
|
0-0: Called Strike 0-1: Ball 1-1: Called Strike 1-2: Foul Ball, location: 2F 1-2: Strikes out swinging
|
|
Batting: RHB John Roth
|
0-0: Ball 1-0: Fly out, F9 (Flyball, 9LM, EV 84.4 MPH)
|
|
Batting: RHB Jose Matos
|
0-0: Ball 1-0: Called Strike 1-1: Fly out, F8 (Flyball, 8LM, EV 85.6 MPH)
|
| Top of the 2nd over - 0 runs, 0 hits, 0 errors, 0 left on base; Butte 0 - Billings 0 |
| BOTTOM OF THE 2ND |
|
Billings Mustangs batting - Pitching for Butte Copper Kings : RHP Leo Enriquez
|
|
Batting: RHB Randy Day
|
0-0: Ball 1-0: Ball 2-0: Foul Ball, location: 2F 2-1: Fly out, F9 (Flyball, 89S, EV 85.6 MPH)
|
|
Batting: RHB Dave Rosenhahn
|
0-0: Swinging Strike 0-1: Ball 1-1: Ball 2-1: Ground out 5-3 (Groundball, 56, EV 102.5 MPH)
|
|
Batting: RHB Gordon Eakin
|
0-0: Ball 1-0: Foul Ball, location: 2F 1-1: Ball 2-1: TRIPLE (Flyball, 89XD, EV 101.3 MPH)
|
|
Batting: RHB Brian Milner
|
0-0: Ground out 4-3 (Groundball, 4, EV 106.9 MPH)
|
| Bottom of the 2nd over - 0 runs, 1 hit, 0 errors, 1 left on base; Butte 0 - Billings 0 |
| TOP OF THE 3RD |
|
Butte Copper Kings batting - Pitching for Billings Mustangs : LHP Rick Felt
|
|
Batting: RHB Ray Thoma
|
0-0: Swinging Strike 0-1: Foul Ball, location: 2F 0-2: Strikes out swinging
|
|
Batting: RHB Edwin Ortiz
|
0-0: Called Strike 0-1: Called Strike 0-2: Ball 1-2: Ground out 6-3 (Groundball, 6, EV 81.3 MPH)
|
|
Batting: RHB Kenny Clark
|
0-0: Called Strike 0-1: Ball 1-1: DOUBLE (Groundball, 5L, EV 100.6 MPH)
|
|
Batting: RHB Steve Howard
|
0-0: Ground out U3 (Groundball, 3, EV 82.5 MPH)
|
| Top of the 3rd over - 0 runs, 1 hit, 0 errors, 1 left on base; Butte 0 - Billings 0 |
| BOTTOM OF THE 3RD |
|
Billings Mustangs batting - Pitching for Butte Copper Kings : RHP Leo Enriquez
|
|
Batting: RHB Howard Maynor
|
0-0: Called Strike 0-1: Ball 1-1: Ball 2-1: Reached on error, E4 (Groundball, 4, EV 83.1 MPH)
|
|
Batting: RHB Howard Meier
|
0-0: Ball 1-0: Called Strike 1-1: Foul Ball, location: 2F 1-2: Foul Ball, location: 2F 1-2: Ball 2-2: Fly out, F7 (Flyball, 7S, EV 76.9 MPH)
|
|
Batting: RHB Leonidas Nolasco
|
0-0: Ball 1-0: Fly out, F8 (Flyball, 8LD, EV 102.5 MPH)
|
|
Batting: RHB Daniel Jones
|
0-0: Ball 1-0: Swinging Strike 1-1: Fly out, F6 (Popup, 6S, EV 66.3 MPH)
|
| Bottom of the 3rd over - 0 runs, 0 hits, 1 error, 1 left on base; Butte 0 - Billings 0 |
| TOP OF THE 4TH |
|
Butte Copper Kings batting - Pitching for Billings Mustangs : LHP Rick Felt
|
|
Batting: RHB Kevin Sliwinski
|
0-0: Ball 1-0: Ball 2-0: Ball 3-0: Called Strike 3-1: Base on Balls
|
|
Batting: RHB Russ Anglin
|
0-0: Called Strike 0-1: Ball 1-1: Foul Ball, location: 2F 1-2: Foul Ball, location: 2F 1-2: Foul Ball, location: 2F 1-2: Strikes out swinging
|
|
Batting: SHB Pat Bone
|
0-0: Called Strike 0-1: Called Strike 0-2: Ball 1-2: Fly out, F8 (Flyball, 78XD, EV 106.9 MPH)
|
|
Batting: RHB John Roth
|
0-0: Called Strike 0-1: Ball 1-1: Foul Ball, location: 2F 1-2: Foul Ball, location: 2F 1-2: Foul Ball, location: 2F 1-2: Ball 2-2: Foul Ball, location: 2F 2-2: Foul Ball, location: 2F 2-2: Foul Ball, location: 2F 2-2: Ball 3-2: Foul Ball, location: 2F 3-2: Base on Balls Kevin Sliwinski to second
|
|
Batting: RHB Jose Matos
|
0-0: Ball 1-0: Ball 2-0: Ball 3-0: Called Strike 3-1: Fielders Choice at 2nd, 5-4 (Groundball, 56D, EV 85.0 MPH)
|
| Top of the 4th over - 0 runs, 0 hits, 0 errors, 2 left on base; Butte 0 - Billings 0 |
| BOTTOM OF THE 4TH |
|
Billings Mustangs batting - Pitching for Butte Copper Kings : RHP Leo Enriquez
|
|
Batting: RHB Andy Lawrence
|
0-0: Called Strike 0-1: Ball 1-1: Ball 2-1: Fly out, F8 (Flyball, 8RS, EV 89.4 MPH)
|
|
Batting: RHB Randy Day
|
0-0: Fly out, F8 (Line Drive, 8LM, EV 93.1 MPH)
|
|
Batting: RHB Dave Rosenhahn
|
0-0: Ball 1-0: Ball 2-0: SINGLE (Groundball, 3D, EV 94.4 MPH)
|
|
Batting: RHB Gordon Eakin
|
0-0: Called Strike 0-1: Foul Ball, location: 2F 0-2: Ball 1-2: Foul Ball, location: 2F 1-2: Ground out 4-3 (Groundball, 4, EV 85.6 MPH)
|
| Bottom of the 4th over - 0 runs, 1 hit, 0 errors, 1 left on base; Butte 0 - Billings 0 |
| TOP OF THE 5TH |
|
Butte Copper Kings batting - Pitching for Billings Mustangs : LHP Rick Felt
|
|
Batting: RHB Ray Thoma
|
0-0: Swinging Strike 0-1: Foul Ball, location: 2F 0-2: Strikes out swinging
|
|
Batting: RHB Edwin Ortiz
|
0-0: Called Strike 0-1: Ball 1-1: SOLO HOME RUN (Flyball, 7D, EV 98.1 MPH), Distance : 373 ft
|
|
Batting: RHB Kenny Clark
|
0-0: Ball 1-0: Fly out, F9 (Flyball, 89XD, EV 106.3 MPH)
|
|
Batting: RHB Steve Howard
|
0-0: Called Strike 0-1: Ball 1-1: Called Strike 1-2: Foul Ball, location: 2F 1-2: Ball 2-2: Foul Ball, location: 2F 2-2: Ball 3-2: Strikes out swinging
|
| Top of the 5th over - 1 run, 1 hit, 0 errors, 0 left on base; Butte 1 - Billings 0 |
| BOTTOM OF THE 5TH |
|
Billings Mustangs batting - Pitching for Butte Copper Kings : RHP Leo Enriquez
|
|
Batting: RHB Brian Milner
|
0-0: Ball 1-0: Ground out U3 (Groundball, 3, EV 78.8 MPH)
|
|
Batting: RHB Howard Maynor
|
0-0: Ball 1-0: Ground out 4-3 (Groundball, 13, EV 78.8 MPH)
|
|
Batting: RHB Howard Meier
|
0-0: Called Strike 0-1: Foul Ball, location: 2F 0-2: Ground out 6-3 (Groundball, 6M, EV 105.0 MPH)
|
| Bottom of the 5th over - 0 runs, 0 hits, 0 errors, 0 left on base; Butte 1 - Billings 0 |
| TOP OF THE 6TH |
|
Butte Copper Kings batting - Pitching for Billings Mustangs : LHP Rick Felt
|
|
Batting: RHB Kevin Sliwinski
|
0-0: Ball 1-0: Ball 2-0: Ball 3-0: Called Strike 3-1: Base on Balls
|
|
Batting: RHB Russ Anglin
|
0-0: Ball 1-0: Ball 2-0: Swinging Strike 2-1: Swinging Strike 2-2: Ball 3-2: Foul Ball, location: 2F 3-2: Base on Balls Kevin Sliwinski to second
|
|
Batting: SHB Pat Bone
|
0-0: Ball 1-0: Ball 2-0: Ball Wild Pitch! Kevin Sliwinski to third Russ Anglin to second 3-0: Called Strike 3-1: Called Strike 3-2: Strikes out looking
|
|
Batting: RHB John Roth
|
0-0: SINGLE (Groundball, 6MD, EV 101.9 MPH) Kevin Sliwinski scores Russ Anglin to third Runner from 3rd tries for Home, SAFE, throw by CF to home
|
|
Batting: RHB Jose Matos
|
Pickoff Throw to First - Error! E1 John Roth to second 0-0: DOUBLE (Line Drive, 7LM, EV 104.4 MPH) John Roth scores
|
|
Batting: RHB Ray Thoma
|
0-0: Called Strike 0-1: Called Strike 0-2: Strikes out swinging
|
|
Batting: RHB Edwin Ortiz
|
0-0: Called Strike 0-1: Ball 1-1: Swinging Strike 1-2: Hit by Pitch
|
|
Batting: RHB Kenny Clark
|
0-0: Ball 1-0: Ball 2-0: Fielders Choice at 2nd, 6-4 (Groundball, 6, EV 99.4 MPH)
|
| Top of the 6th over - 3 runs, 2 hits, 1 error, 2 left on base; Butte 4 - Billings 0 |
| BOTTOM OF THE 6TH |
|
Billings Mustangs batting - Pitching for Butte Copper Kings : RHP Leo Enriquez
|
|
Batting: RHB Leonidas Nolasco
|
0-0: Foul Ball, location: 2F 0-1: Ball 1-1: Foul Ball, location: 2F 1-2: Ground out 6-3 (Groundball, 6S, EV 67.5 MPH)
|
|
Batting: RHB Daniel Jones
|
0-0: SINGLE (Groundball, 34S, EV 81.9 MPH) (infield hit)
|
|
Batting: RHB Andy Lawrence
|
Pickoff Throw to First - Out! 1-3 0-0: Foul Ball, location: 2F 0-1: Called Strike 0-2: Ball 1-2: Ball 2-2: Ball 3-2: Fly out, F8 (Flyball, 89D, EV 96.9 MPH)
|
| Bottom of the 6th over - 0 runs, 1 hit, 0 errors, 0 left on base; Butte 4 - Billings 0 |
| TOP OF THE 7TH |
|
Butte Copper Kings batting - Pitching for Billings Mustangs : LHP Rick Felt
|
|
Batting: RHB Steve Howard
|
0-0: Called Strike 0-1: Ground out 6-3 (Groundball, 6, EV 109.4 MPH)
|
|
Batting: RHB Kevin Sliwinski
|
0-0: Ball 1-0: Ball 2-0: Fly out, F9 (Flyball, 9, EV 89.4 MPH)
|
|
Batting: RHB Russ Anglin
|
0-0: Ball 1-0: Ball 2-0: Foul Ball, location: 2F 2-1: Called Strike 2-2: Ball 3-2: Base on Balls
|
|
Batting: SHB Pat Bone
|
0-0: Ball 1-0: Called Strike 1-1: Ball 2-1: Ball 3-1: Foul Ball, location: 2F 3-2: Base on Balls Russ Anglin to second
|
|
Batting: RHB John Roth
|
0-0: Swinging Strike 0-1: Ball 1-1: Ball 2-1: Ball 3-1: DOUBLE (Line Drive, 9LM, EV 107.5 MPH) Russ Anglin scores Pat Bone to third Runner from 3rd tries for Home, SAFE, throw by RF to home
|
|
Pitching: LHP Tony Saucedo
|
|
|
Batting: RHB Jose Matos
|
0-0: Foul Ball, location: 2F 0-1: Ball 1-1: Fly out, F3 (Flyball, 3D, EV 81.9 MPH)
|
| Top of the 7th over - 2 runs, 1 hit, 0 errors, 1 left on base; Butte 6 - Billings 0 |
| BOTTOM OF THE 7TH |
|
Billings Mustangs batting - Pitching for Butte Copper Kings : RHP Leo Enriquez
|
|
Batting: RHB Randy Day
|
0-0: Swinging Strike 0-1: Foul Ball, location: 2F 0-2: Ball 1-2: Strikes out swinging, 2-3 out at first.
|
|
Batting: RHB Dave Rosenhahn
|
0-0: Foul Ball, location: 2F 0-1: Ground out 2-3 (Groundball, 2L, EV 70.0 MPH)
|
|
Batting: RHB Gordon Eakin
|
0-0: Ball 1-0: Called Strike 1-1: SOLO HOME RUN (Flyball, 7D, EV 110.0 MPH), Distance : 366 ft
|
|
Batting: RHB Brian Milner
|
0-0: Ball 1-0: Swinging Strike 1-1: Ball 2-1: Swinging Strike 2-2: Strikes out swinging
|
| Bottom of the 7th over - 1 run, 1 hit, 0 errors, 0 left on base; Butte 6 - Billings 1 |
| TOP OF THE 8TH |
|
Butte Copper Kings batting - Pitching for Billings Mustangs : LHP Tony Saucedo
|
|
Batting: RHB Ray Thoma
|
0-0: Swinging Strike 0-1: Ball 1-1: Foul Ball, location: 2F 1-2: Ball 2-2: Strikes out looking
|
|
Batting: RHB Edwin Ortiz
|
0-0: SOLO HOME RUN (Line Drive, 9LD, EV 100.0 MPH), Distance : 345 ft
|
|
Batting: RHB Kenny Clark
|
0-0: Called Strike 0-1: Ball 1-1: Fly out, F9 (Flyball, 89M, EV 78.1 MPH)
|
|
Batting: RHB Steve Howard
|
0-0: SOLO HOME RUN (Line Drive, 7D, EV 103.1 MPH), Distance : 382 ft
|
|
Pinch Hitting: RHB Elliott Antonetty
|
0-0: Ball 1-0: Called Strike 1-1: Ball 2-1: Ball 3-1: Foul Ball, location: 2F 3-2: Strikes out swinging
|
| Top of the 8th over - 2 runs, 2 hits, 0 errors, 0 left on base; Butte 8 - Billings 1 |
| BOTTOM OF THE 8TH |
|
Billings Mustangs batting - Pitching for Butte Copper Kings : RHP Leo Enriquez
|
|
Now in LF: Elliott Antonetty
|
|
|
Pinch Hitting: SHB Mariano Reyes
|
0-0: Ball 1-0: Foul Ball, location: 2F 1-1: Ball 2-1: Swinging Strike 2-2: Ground out 5-3 (Groundball, 56S, EV 86.3 MPH)
|
|
Batting: RHB Howard Meier
|
0-0: Foul Ball, location: 2F 0-1: Fly out, F9 (Flyball, 89S, EV 85.6 MPH)
|
|
Pinch Hitting: RHB Vaughn Hempfield
|
0-0: Called Strike 0-1: Foul Ball, location: 2F 0-2: Foul Ball, location: 2F 0-2: Foul Ball, location: 2F 0-2: Ball 1-2: Strikes out swinging
|
| Bottom of the 8th over - 0 runs, 0 hits, 0 errors, 0 left on base; Butte 8 - Billings 1 |
| TOP OF THE 9TH |
|
Butte Copper Kings batting - Pitching for Billings Mustangs : LHP Tony Saucedo
|
|
Now at 2B: Vaughn Hempfield
|
|
|
Now in RF: Mariano Reyes
|
|
|
Batting: RHB Russ Anglin
|
0-0: Called Strike 0-1: TRIPLE (Line Drive, 89XD, EV 102.5 MPH)
|
|
Pinch Hitting: RHB Luis Rojas
|
0-0: Called Strike 0-1: Called Strike 0-2: Reached on error, E3 (Groundball, 34S, EV 86.3 MPH) Russ Anglin scores
|
|
Batting: RHB John Roth
|
0-0: Called Strike 0-1: Called Strike 0-2: Ball 1-2: Fly out, F8 (Flyball, 8RD, EV 91.9 MPH)
|
|
Batting: RHB Jose Matos
|
0-0: Called Strike 0-1: Ball 1-1: Reached on error, E1 (Groundball, P, EV 67.5 MPH) Luis Rojas to second
|
|
Batting: RHB Ray Thoma
|
0-0: Ball 1-0: Ball 2-0: Called Strike 2-1: SINGLE (Groundball, 34D, EV 98.1 MPH) Luis Rojas to third Jose Matos to second Runner from 3rd tries for Home, SAFE, throw by RF to home
|
|
Batting: RHB Edwin Ortiz
|
0-0: Ball 1-0: Ball 2-0: Ball 3-0: Base on Balls Jose Matos to third Ray Thoma to second
|
|
Batting: RHB Kenny Clark
|
0-0: Called Strike 0-1: Ball 1-1: Ball 2-1: Ball 3-1: Base on Balls Jose Matos scores Ray Thoma to third Edwin Ortiz to second
|
|
Pitching: LHP Miguel Larios
|
|
|
Batting: RHB Steve Howard
|
0-0: Swinging Strike 0-1: Called Strike 0-2: Ball 1-2: Ball 2-2: Strikes out swinging
|
|
Batting: RHB Elliott Antonetty
|
0-0: Ball 1-0: Called Strike 1-1: Ball Passed Ball! Ray Thoma scores Edwin Ortiz to third Kenny Clark to second 2-1: Foul Ball, location: 2F 2-2: 3-RUN HOME RUN (Flyball, 78XD, EV 90.0 MPH), Distance : 403 ft
|
|
Batting: RHB Russ Anglin
|
0-0: Foul Ball, location: 2F 0-1: Swinging Strike 0-2: Ball 1-2: Ground out 5-3 (Groundball, 56, EV 81.9 MPH)
|
| Top of the 9th over - 7 runs, 3 hits, 2 errors, 0 left on base; Butte 15 - Billings 1 |
| BOTTOM OF THE 9TH |
|
Billings Mustangs batting - Pitching for Butte Copper Kings : RHP Leo Enriquez
|
|
Now in CF: Scott Houp
|
|
|
Pinch Hitting: RHB Tim Kubacki
|
0-0: Ball 1-0: Ground out U3 (Groundball, 34, EV 81.3 MPH)
|
|
Pinch Hitting: RHB Russell Pedersen
|
0-0: Ball 1-0: Fly out, F6 (Popup, 6M, EV 69.4 MPH)
|
|
Batting: RHB Randy Day
|
0-0: Foul Ball, location: 2F 0-1: Ball 1-1: Foul Ball, location: 2F 1-2: Ball 2-2: Ground out 3-1 (Groundball, 34, EV 83.8 MPH)
|
| Bottom of the 9th over - 0 runs, 0 hits, 0 errors, 0 left on base; Butte 15 - Billings 1 |
|